 Dungeon Crawl Stone Soup version 0.27-a0-1084-g78b3836a5f (webtiles) character file.

Game seed: 16685248713902891384

3836 senseless the Martial Artist (level 10, -6/91 HPs)
             Began as a Gnoll Transmuter on Apr 26, 2021.
             Was an Elder of Cheibriados.
             Mangled by a death yak (19 damage)
             ... on level 8 of the Dungeon.
             The game lasted 00:23:53 (8661 turns).

senseless the Martial Artist (Gnoll Transmuter)     Turns: 8661, Time: 00:23:53

Health: -6/91      AC:  7    Str: 22    XL:     10   Next: 18%
Magic:  0/20       EV: 15    Int: 22    God:    Cheibriados [****..]
Gold:   184        SH:  0    Dex: 24    Spells: 8/23 levels left

rFire    x . .     SeeInvis +     - Unarmed
rCold    + + +     Faith    .   (shield currently unavailable)
rNeg     + . .     Spirit   +   (armour currently unavailable)
rPois    +         Reflect  .   (helmet currently unavailable)
rElec    .         Harm     .   (cloak currently unavailable)
rCorr    .         Rampage  .   (gloves currently unavailable)
Will     .....                  (boots currently unavailable)
Stlth    +++.......             i - amulet of guardian spirit
HPRegen  0.25/turn              f - ring of positive energy
MPRegen  0.17/turn              q - ring of see invisible

@: ice-form, very slow
A: freezing attack, amphibious, boosted hp, large, (fangs 1), strong nose,
distributed training
a: End Transformation, Renounce Religion, Bend Time, Temporal Distortion, Slouch


You were on level 8 of the Dungeon.
You worshipped Cheibriados.
Cheibriados was greatly pleased with you.
You were a creature of crystalline ice.
You visited 1 branch of the dungeon, and saw 8 of its levels.

You collected 424 gold pieces.
You spent 240 gold pieces at shops.

Inventory:

Hand Weapons
 k - a +1 trident of venom
 s - the +10 war axe "Leuguluv" {vorpal, Str+6}
   (You found it on level 5 of the Dungeon)

   It inflicts extra damage upon your enemies.
   It affects your strength (+6).
Armour
 a - a +1 robe (melded)
 l - a +0 plate armour
 m - a +0 pair of gloves (melded)
 v - a +1 scale mail of cold resistance
Jewellery
 f - a ring of positive energy (left front paw)
 i - an amulet of guardian spirit (around neck)
 n - a ring of protection from fire
 q - a ring of see invisible (right front paw)
 u - a ring of protection from cold
Wands
 p - a wand of flame (9)
Scrolls
 o - a scroll of magic mapping
 t - a scroll of identify
Potions
 b - 2 potions of might
 c - 3 potions of haste
 d - 4 potions of attraction
 e - a potion of berserk rage
 g - a potion of heal wounds {unknown}
 h - a potion of ambrosia {unknown}
 j - a potion of degeneration {unknown}
 r - a potion of curing {unknown}


   Skills:
 + Level 5.7 Fighting
 + Level 5.0 Short Blades
 + Level 5.0 Long Blades
 + Level 5.0 Axes
 + Level 5.0 Maces & Flails
 + Level 5.0 Polearms
 + Level 5.0 Staves
 + Level 5.0 Slings
 + Level 5.0 Bows
 + Level 5.0 Crossbows
 + Level 5.0 Throwing
 + Level 5.0 Armour
 + Level 6.9 Dodging
 + Level 5.0 Stealth
 + Level 5.0 Shields
 + Level 8.3 Unarmed Combat
 + Level 7.2 Spellcasting
 + Level 4.1 Conjurations
 + Level 4.1 Hexes
 + Level 4.1 Summonings
 + Level 4.1 Necromancy
 + Level 4.1 Translocations
 + Level 5.7 Transmutations
 + Level 4.1 Fire Magic
 + Level 4.1 Ice Magic
 + Level 4.1 Air Magic
 + Level 4.1 Earth Magic
 + Level 4.1 Poison Magic
 + Level 5.5 Invocations
 + Level 5.0 Evocations


You had 8 spell levels left.
You knew the following spells:

 Your Spells              Type           Power      Damage    Failure   Level
a - Beastly Appendage     Tmut           66%        N/A       1%          1
b - Wereblood             Tmut           33%        N/A       1%          2
c - Spider Form           Tmut/Pois      14%        N/A       3%          3
d - Ice Form              Ice/Tmut       29%        N/A       11%         4
e - Hydra Form            Tmut           16%        N/A       22%         5

Your spell library contained the following spells:

 Spells                   Type           Power      Damage    Failure   Level
 Poisonous Vapours        Pois/Air       52%        N/A       2%          2
 Summon Guardian Golem    Hex/Summ       26%        N/A       4%          3
 Animate Armour           Summ/Erth      52%        N/A       14%         4
 Summon Ice Beast         Ice/Summ       26%        N/A       14%         4


Dungeon Overview and Level Annotations

Branches:
Dungeon (8/15)             Temple (0/1) D:7            Lair (0/6) D:8

Altars:
Cheibriados
Dithmenos
Gozag
Trog
Yredelemnul

Shops:
D:5 (=([?

Annotations:
D:5 4 runed translucent doors


Innate Abilities, Weirdness & Mutations

You are a creature of crystalline ice.
You have a powerful freezing melee attack.
You are amphibious.
Your maximum health is increased.
Your armour is entirely melded.
You are incapable of wielding weapons or throwing items.
((You have very sharp teeth.))
Your uncanny sense of smell can sniff out nearby items.
Your experience applies equally to all skills.


Message History

A centaur simulacrum comes into view.
The white imp shouts, "Quit, thou reeling-ripe toenail-biting strumpet!"
The white imp hits you but does no damage.
You hit the white imp but do no damage.
The white imp hits you but does no damage.
A yak comes into view.
You punch the white imp! You freeze the white imp.
You kill the white imp!
Cheibriados appreciates the change of pace.
The white imp gestures at you. The puff of frost misses you.
The steam dragon breathes steam at you. The ball of steam misses you.
You hear an angry growl. x2
The death yak closely misses you. The death yak gores you!
You punch the death yak! You freeze the death yak!
The death yak is moderately wounded.
The death yak closely misses you.
You punch the death yak! You freeze the death yak.
The death yak is moderately wounded.
A yak comes into view.
The death yak gores you!!
A polar bear comes into view.
A black bear comes into view.
The yak bellows!
You punch the death yak! You freeze the death yak.
The death yak is heavily wounded.
You are engulfed in a cloud of scalding steam.
The white imp gestures at you.
The puff of frost hits you but does no damage.
You resist. The death yak completely misses you.
A polar bear comes into view.
The death yak gores you!! The death yak gores you!
The death yak gores you but does no damage.
The white imp summons a swarm of flies.
The death yak gores you!!
* * * LOW HITPOINT WARNING * * *
You hear an angry growl.
The death yak gores you!!
You die...

.#.......## #......h.≈≈#
.#..###### ##+##)....≈##
#..##...# ##..##DY.>.≈..
#...'...# #...h....#.≈..
#...#...# +(.D##5.## ...
#..###..# ##..##..# .
#..###..########5.##..#
∆
+.......##)...##Y..#..#∆
#.>.......)....Y...#...
#..................#....
∆
###.#######..####+##..#.
#. #### ∆ . ∆ .. ∆


You could see a death yak, a polar bear, a steam dragon and a white imp.

Vanquished Creatures
  A two-headed ogre (D:7)
  Prince Ribbit (D:6)
  2 orc warriors
  A water moccasin (D:6)
  3 sky beasts
  A black bear (D:7)
  A necrophage (D:5)
  An ice beast (D:6)
  3 ogres
  6 centaurs
  A kobold brigand (D:2)
  3 bullfrogs (D:7)
  2 scorpions (D:5)
  A water moccasin zombie (D:6)
  A water moccasin skeleton (D:5)
  2 howler monkeys (D:7)
  A bullfrog zombie (D:7)
  A centaur zombie (D:5)
  2 orc priests
  2 bullfrog skeletons (D:5)
  A hound (D:4)
  3 jellies
  3 centaur skeletons
  5 iguanas
  Jessica (D:3)
  Ijyb (D:5)
  Natasha (thrice) (D:4)
  2 orc wizards
  A killer bee zombie (D:7)
  A centaur simulacrum (D:8)
  7 adders
  A gnoll (D:5)
  2 shadow imps
  A white imp (D:8)
  An ufetubus (D:5)
  3 dart slugs
  A worm (D:3)
  17 orcs
  5 ball pythons
  2 bats (D:1)
  8 endoplasms
  7 goblins
  12 hobgoblins
  7 jackals
  3 kobolds
  3 rats
137 creatures vanquished.

Vanquished Creatures (others)
  A wizard (D:4)
  3 plants (D:3)
  4 toadstools (D:6)
8 creatures vanquished.

Grand Total: 145 creatures vanquished

Notes
Turn   | Place    | Note
-------+----------+-------------------------------------------
     0 | D:1      | senseless the Gnoll Transmuter began the quest for the Orb.
     0 | D:1      | Reached XP level 1. HP: 17/17 MP: 6/6
    90 | D:1      | Reached XP level 2. HP: 22/23 MP: 5/7
   306 | D:1      | Found a faded altar of an unknown god.
   562 | D:1      | Became a worshipper of Cheibriados the Contemplative
   562 | D:1      | Reached * piety under Cheibriados
   992 | D:2      | Noticed a kobold brigand
  1008 | D:2      | Killed a kobold brigand
  1009 | D:2      | Reached skill level 1 in Short Blades
  1009 | D:2      | Reached skill level 1 in Long Blades
  1009 | D:2      | Reached skill level 1 in Axes
  1009 | D:2      | Reached skill level 1 in Maces & Flails
  1009 | D:2      | Reached skill level 1 in Polearms
  1009 | D:2      | Reached skill level 1 in Staves
  1009 | D:2      | Reached skill level 1 in Slings
  1009 | D:2      | Reached skill level 1 in Bows
  1009 | D:2      | Reached skill level 1 in Crossbows
  1009 | D:2      | Reached skill level 1 in Throwing
  1009 | D:2      | Reached skill level 1 in Armour
  1009 | D:2      | Reached skill level 1 in Stealth
  1009 | D:2      | Reached skill level 1 in Shields
  1009 | D:2      | Reached skill level 5 in Spellcasting
  1009 | D:2      | Reached skill level 1 in Conjurations
  1009 | D:2      | Reached skill level 1 in Hexes
  1009 | D:2      | Reached skill level 1 in Summonings
  1009 | D:2      | Reached skill level 1 in Necromancy
  1009 | D:2      | Reached skill level 1 in Translocations
  1009 | D:2      | Reached skill level 1 in Fire Magic
  1009 | D:2      | Reached skill level 1 in Ice Magic
  1009 | D:2      | Reached skill level 1 in Air Magic
  1009 | D:2      | Reached skill level 1 in Earth Magic
  1009 | D:2      | Reached skill level 1 in Poison Magic
  1009 | D:2      | Reached skill level 1 in Invocations
  1009 | D:2      | Reached skill level 1 in Evocations
  1009 | D:2      | Reached XP level 3. HP: 12/28 MP: 6/9
  1009 | D:2      | Reached XP level 4. HP: 15/34 MP: 7/11
  1420 | D:2      | Reached XP level 5. HP: 31/40 MP: 12/12
  1626 | D:2      | Found a basalt altar of Yredelemnul.
  2119 | D:3      | Reached ** piety under Cheibriados
  2371 | D:3      | Noticed Jessica
  2375 | D:3      | Killed Jessica
  3562 | D:4      | Reached XP level 6. HP: 44/47 MP: 11/13
  3585 | D:4      | You fall into a shaft and drop 3 floors!
  3603 | D:7      | Noticed an orc warrior
  3731 | D:7      | Reached skill level 5 in Dodging
  4016 | D:7      | Found a basalt altar of Yredelemnul.
  4090 | D:7      | Reached skill level 7 in Unarmed Combat
  4090 | D:7      | Reached XP level 7. HP: 49/52 MP: 13/15
  4366 | D:7      | Reached *** piety under Cheibriados
  4563 | D:7      | Found an opulent altar of Gozag.
  4595 | D:5      | Entered Level 5 of the Dungeon
  4880 | D:4      | Found a shadowy altar of Dithmenos.
  4967 | D:4      | Found a bloodstained altar of Trog.
  4970 | D:4      | Noticed a wizard
  4972 | D:4      | Killed a wizard
  5054 | D:4      | Noticed Natasha
  5057 | D:4      | Killed Natasha
  5197 | D:4      | Noticed Natasha
  5202 | D:4      | Killed Natasha
  5291 | D:4      | Noticed Natasha
  5295 | D:4      | Killed Natasha
  5330 | D:5      | Found a large runed translucent door.
  5330 | D:5      | Found a large runed translucent door.
  5330 | D:5      | Noticed a two-headed ogre
  5332 | D:5      | Found a large runed translucent door.
  5332 | D:5      | Found a large runed translucent door.
  5342 | D:5      | Reached XP level 8. HP: 57/60 MP: 14/16
  5446 | D:5      | Identified Viebes's Collected Works on Intoxication and
                  | Creation
  5524 | D:5      | Noticed Ijyb
  5533 | D:5      | Killed Ijyb
  5594 | D:5      | Found Fofi's Weapon Shop.
  5646 | D:5      | Found Jaluajul's Jewellery Boutique.
  5670 | D:5      | Bought a ring of see invisible for 180 gold pieces
  5942 | D:5      | Found Jeugh's Armour Boutique.
  5955 | D:5      | Found a snail-covered altar of Cheibriados.
  6029 | D:5      | Reached **** piety under Cheibriados
  6290 | D:5      | Found Cupocu's Weapon Shoppe.
  6347 | D:5      | Reached skill level 5 in Transmutations
  6347 | D:5      | Reached XP level 9. HP: 66/66 MP: 18/18
  6600 | D:5      | Identified the +10 war axe "Leuguluv" {vorpal, Str+6}
  6689 | D:5      | Found Nip Ybug's Magic Scroll Shoppe.
  6700 | D:5      | Bought 2 scrolls of identify for 60 gold pieces
  6902 | D:6      | Learned a level 2 spell: Wereblood
  6906 | D:6      | Learned a level 3 spell: Spider Form
  6911 | D:6      | Learned a level 4 spell: Ice Form
  6917 | D:6      | Learned a level 5 spell: Hydra Form
  7148 | D:6      | Noticed Prince Ribbit
  7158 | D:6      | Reached skill level 5 in Fighting
  7161 | D:6      | Killed Prince Ribbit
  7885 | D:7      | Reached skill level 8 in Unarmed Combat
  7942 | D:7      | Found a staircase to the Ecumenical Temple.
  7976 | D:7      | Reached skill level 5 in Invocations
  8107 | D:7      | Noticed a two-headed ogre
  8125 | D:7      | Killed a two-headed ogre
  8126 | D:7      | Reached XP level 10. HP: 76/76 MP: 10/20
  8298 | D:7      | Reached skill level 5 in Short Blades
  8298 | D:7      | Reached skill level 5 in Long Blades
  8298 | D:7      | Reached skill level 5 in Axes
  8298 | D:7      | Reached skill level 5 in Maces & Flails
  8298 | D:7      | Reached skill level 5 in Polearms
  8298 | D:7      | Reached skill level 5 in Staves
  8298 | D:7      | Reached skill level 5 in Slings
  8298 | D:7      | Reached skill level 5 in Bows
  8298 | D:7      | Reached skill level 5 in Crossbows
  8298 | D:7      | Reached skill level 5 in Throwing
  8298 | D:7      | Reached skill level 5 in Armour
  8298 | D:7      | Reached skill level 5 in Stealth
  8298 | D:7      | Reached skill level 5 in Shields
  8298 | D:7      | Reached skill level 5 in Evocations
  8571 | D:7      | Identified a scroll of acquirement
  8571 | D:7      | Acquired a ring of protection from cold
  8640 | D:8      | Found a staircase to the Lair.
  8644 | D:8      | Noticed a death yak
  8661 | D:8      | Mangled by a death yak

Illustrated notes

Levels and vault maps discovered:
D:1:      matt_arrival_refuge, layout_basic, hellmonk_ecumenical_altar_run_dry
D:2:      layout_basic, basic_altar, moated_statue
D:3:      layout_basic, serial_bayou, serial_bayou_lake_a, serial_bayou_ford_a,
          serial_bayou_pond_d, serial_bayou_pond_c, uniq_jessica
D:4:      layout_basic, trog_wizard, grunt_dithmenos_smoke_and_mirrors,
          uniq_natasha
D:5:      layout_basic, kennysheep_little_box, serial_shops, shop, shop,
          shop_scrolls, shop, nicolae_shop_behind_doors,
          minmay_hollow_rounded_squares, uniq_ijyb
D:6:      layout_basic, minmay_gold_behind_fungi, sigmund_army,
          uniq_prince_ribbit1
D:7:      layout_loops_ring, nicolae_overflow_crystal_walls, lemuel_tele_altar,
          minmay_temple_entry_glass, kennysheep_diamond,
          kennysheep_generic_room_12
D:8:      layout_gridville, cheibrodos_ashenzari_chains, lair_entry_dummy,
          serial_ice, serial_ice_k, serial_ice_e, serial_ice_a, serial_ice_b,
          grunt_ministairs_7, nicolae_underground_beach

Skill      XL: |  1  2  3  4  5  6  7  8  9 10 |
---------------+-------------------------------+-----
Short Blades   | 1 2 3 4 5 |  5.0
Long Blades    | 1 2 3 4 5 |  5.0
Axes           | 1 2 3 4 5 |  5.0
Maces & Flails | 1 2 3 4 5 |  5.0
Polearms       | 1 2 3 4 5 |  5.0
Staves         | 1 2 3 4 5 |  5.0
Slings         | 1 2 3 4 5 |  5.0
Bows           | 1 2 3 4 5 |  5.0
Crossbows      | 1 2 3 4 5 |  5.0
Throwing       | 1 2 3 4 5 |  5.0
Armour         | 1 2 3 4 5 |  5.0
Stealth        | 1 2 3 4 5 |  5.0
Shields        | 1 2 3 4 5 |  5.0
Spellcasting   | 5 6 7 |  7.2
Conjurations   | 1 2 3 4 |  4.1
Hexes          | 1 2 3 4 |  4.1
Summonings     | 1 2 3 4 |  4.1
Necromancy     | 1 2 3 4 |  4.1
Translocations | 1 2 3 4 |  4.1
Fire Magic     | 1 2 3 4 |  4.1
Ice Magic      | 1 2 3 4 |  4.1
Air Magic      | 1 2 3 4 |  4.1
Earth Magic    | 1 2 3 4 |  4.1
Poison Magic   | 1 2 3 4 |  4.1
Invocations    | 1 2 3 4 5 |  5.5
Evocations     | 1 2 3 4 5 |  5.0
Fighting       | 3 4 5 |  5.7
Transmutations | 4 5 |  5.7
Dodging        | 5 6 |  6.9
Unarmed Combat | 7 8 |  8.3

Action                   |  1- 3 |  4- 6 |  7- 9 | 10-12 || total
-------------------------+-------+-------+-------+-------++-------
Melee: Unarmed           |    33 |   107 |   206 |    18 ||   364
       Kick              |     6 |    38 |    88 |       ||   132
       Headbutt          |     6 |    18 |    56 |       ||    80
       Bite              |     1 |     7 |    29 |       ||    37
       Punch             |       |       |     7 |       ||     7
 Cast: Beastly Appendage |    12 |    33 |    45 |       ||    90
       Spider Form       |       |       |     2 |       ||     2
       Ice Form          |       |       |     1 |     4 ||     5
  Use: Scroll            |       |     7 |     6 |     1 ||    14
 Stab: Sleeping          |       |     2 |    10 |     1 ||    13
Armor: Robe              |     1 |    14 |    28 |       ||    43
       Skin              |       |       |       |     4 ||     4
Dodge: Dodged            |    18 |    79 |   196 |    12 ||   305

Table legend: (Time is in decaauts)
 A = Elapsed time spent in this place.
 B = Non-inter-level travel time spent in this place.
 C = Inter-level travel time spent in this place.
 D = Time resting spent in this place.
 E = Time spent auto-exploring this place.
 F = Levels seen in this place.
 G = Mean time per level.
                   A        B        C        D        E       F      G
               +--------+--------+--------+--------+--------+-----+--------+
         Total |  11227 |  10331 |    896 |    507 |   8506 |   8 | 1403.4 |
       Dungeon |  11227 |  10331 |    896 |    507 |   8506 |   8 | 1403.4 |
               +--------+--------+--------+--------+--------+-----+--------+

Top non-repeatable levels by time:
     D:5: 2250 daAuts
     D:7: 2182 daAuts
     D:3: 1673 daAuts
     D:6: 1366 daAuts
     D:4: 1240 daAuts
     D:1: 1229 daAuts
     D:2: 1160 daAuts
     D:8: 124 daAuts
